 Dungeon Crawl Stone Soup version 0.29-a0-1043-g569b05d6ff (webtiles) character file.

Game seed: 2450045867357763490

79 greenreed the Vexing (level 4, 0/25 HPs)
             Began as a Deep Elf Arcane Marksman on Aug 15, 2022.
             Slain by Sigmund
             ... wielding a +0 scythe of flaming
              (8 damage)
             ... on level 3 of the Dungeon.
             The game lasted 00:05:57 (3277 turns).

greenreed the Vexing (Deep Elf Arcane Marksman)     Turns: 3277, Time: 00:05:58

Health: 0/25       AC:  2    Str: 10    XL:     4   Next: 17%
Magic:  7/8        EV: 13    Int: 17    God:
Gold:   37         SH:  0    Dex: 21    Spells: 5/6 levels left

rFire   . . .      SeeInvis .   k - +7 dagger "Death Rattle" {vorpal, rElec Str+4}
rCold   + . .      Faith    .   (no shield)
rNeg    . . .      Spirit   .   c - +0 robe
rPois   .          Reflect  .   (no helmet)
rElec   +          Harm     .   (no cloak)
rCorr   .          Rampage  .   (no gloves)
Will    .....      Rage     3%  (no boots)
Stlth   ++........              (no amulet)
HPRegen 0.08/turn               (no ring)
MPRegen 0.11/turn               (no ring)

@: no status effects
A: agile 1, berserk 1, cold resistance 1, sense surroundings 1, MP-powered wands
a: no special abilities


You were on level 3 of the Dungeon.
You visited 1 branch of the dungeon, and saw 3 of its levels.

You collected 102 gold pieces.
You spent 65 gold pieces at shops.

Inventory:

Hand Weapons
 a - a +1 sling
 k - the +7 dagger "Death Rattle" (weapon) {vorpal, rElec Str+4}
   (You found it on level 2 of the Dungeon)

   It inflicts extra damage upon your enemies.
   Str:       It affects your strength (+4).
   rElec:     It insulates you from electricity.
Missiles
 h - a throwing net
Armour
 c - a +0 robe (worn)
 l - the +2 ring mail "Iruirhun" {Harm +Blink rC+}
   (You found it on level 2 of the Dungeon)

   rC:        It protects you from cold.
   +Blink:    It lets you blink.
   Harm:      It increases damage dealt and taken.
Scrolls
 b - 2 scrolls of poison
 d - 3 scrolls of enchant weapon {unknown}
 e - 5 scrolls of teleportation
 g - a scroll of brand weapon {unknown}
 i - a scroll of amnesia {unknown}
 n - a scroll of immolation {unknown}
Potions
 f - 2 potions of lignification
 j - 2 potions of haste {unknown}
 m - a potion of degeneration {unknown}
 o - a potion of might {unknown}


   Skills:
 + Level 1.0 Fighting
 + Level 4.6 Ranged Weapons
 + Level 3.1 Dodging
 + Level 0.2 Stealth
 + Level 1.7 Spellcasting
 + Level 4.6 Hexes


You had 5 spell levels left.
You knew the following spells:

 Your Spells              Type           Power      Damage    Failure   Level
a - Slow                  Hex            68%        N/A       3%          1

Your spell library contained the following spells:

 Spells                   Type           Power      Damage    Failure   Level
 Magic Dart               Conj           4%         1d3       21%         1
 Inner Flame              Hex/Fire       9%         N/A       22%         3
 Portal Projectile        Hex/Tloc       18%        N/A       22%         3
 Cause Fear               Hex            8%         N/A       28%         4
 Call Imp                 Summ           1%         N/A       30%         2
 Mephitic Cloud           Conj/Pois/Air  1%         N/A       52%         3


Dungeon Overview and Level Annotations

Branches:
Dungeon (3/15)

Altars:

Shops:
D:2 *   D:3 [

Annotations:
D:3 Sigmund


Innate Abilities, Weirdness & Mutations

You are agile. (Dex +4, Str/Int -1)
You sometimes lose your temper in combat.
Your flesh is cold resistant. (rC+)
You passively map a small area around you.
You expend magic power (3 MP) to strengthen your wands.


Message History

You hit something. You closely miss something.
You hear some strange, mumbled words.
You are confused.
You bump into the rock wall.
Something hits you! Something burns you.
You bump into the rock wall.
You bump into the rock wall.
Something hits you!
* * * LOW HITPOINT WARNING * * *
Something burns you.
* * * LOW HITPOINT WARNING * * *
You feel less confused.
There is a stone staircase leading up here.
You climb upwards.
Reactivating autopickup.
There is a stone staircase leading down here.
You start resting.
HP restored.
You climb downwards.
Level annotation: Sigmund Sigmund hits you from afar with a +0 scythe of flaming!
Sigmund burns you.
There is a stone staircase leading up, spattered with blood here.
Sigmund seems to slow down.
Sigmund closely misses you.
You hit Sigmund.
Sigmund is lightly wounded.
You closely miss Sigmund.
Sigmund is lightly wounded.
Sigmund points at you and mumbles some strange words.
The magic dart hits you!
You hit Sigmund.
Sigmund is moderately wounded.
Sigmund closely misses you.
You closely miss Sigmund.
Sigmund is moderately wounded.
You closely miss Sigmund.
Sigmund is moderately wounded.
You hit Sigmund.
Sigmund is heavily wounded.
Sigmund hits you with a +0 scythe of flaming!
You die...

########
###########......#
#.......@@<<####.#
#.########### #.# * *
#.# #...#.., ,#.# ,, #.#
#.#.#.###+#)### #.#
#.#.#...†.....+ ,
##.####.#........####.
#>........∩.....)......
#..##.#.#.............#
*
#..##.#.###.###.#####.#*
,


You could see Sigmund (slow).

Vanquished Creatures
  2 adders (D:2)
  2 worms
  A dart slug (D:1)
  An orc (D:3)
  4 bats
  3 endoplasms
  2 giant cockroaches (D:2)
  6 goblins
  2 hobgoblins (D:2)
  10 jackals
  4 ball pythons
  2 frilled lizards (D:1)
  2 kobolds (D:2)
  8 rats
49 creatures vanquished.

Notes
Turn   | Place    | Note
-------+----------+-------------------------------------------
     0 | D:1      | greenreed the Deep Elf Arcane Marksman began the quest for
                  | the Orb.
     0 | D:1      | Reached XP level 1. HP: 11/11 MP: 5/5
   112 | D:1      | Reached XP level 2. HP: 5/16 MP: 6/6
   433 | D:1      | Found a faded altar of an unknown god.
  1497 | D:2      | Reached XP level 3. HP: 13/20 MP: 7/7
  1677 | D:2      | Found Ankaim's General Store.
  1684 | D:2      | Bought a scroll of teleportation for 39 gold pieces
  1684 | D:2      | Bought a scroll of identify for 26 gold pieces
  1689 | D:2      | Gained mutation: You are dopey. (Int -2) [potion of
                  | mutation]
  1689 | D:2      | Gained mutation: You passively map a small area around you.
                  | [potion of mutation]
  1689 | D:2      | Gained mutation: You passively dampen the noise of your
                  | surroundings. [potion of mutation]
  1690 | D:2      | Lost mutation: You are dopey. (Int -2) [potion of mutation]
  1690 | D:2      | Lost mutation: You passively dampen the noise of your
                  | surroundings. [potion of mutation]
  1690 | D:2      | Gained mutation: Your flesh is cold resistant. (rC+)
                  | [potion of mutation]
  1690 | D:2      | Gained mutation: You expend magic power (3 MP) to
                  | strengthen your wands. [potion of mutation]
  1690 | D:2      | Gained mutation: You sometimes lose your temper in combat.
                  | [potion of mutation]
  1690 | D:2      | Gained mutation: You are agile. (Dex +4, Str/Int -1)
                  | [potion of mutation]
  2354 | D:2      | Reached skill level 1 in Fighting
  2441 | D:2      | Identified the +7 dagger "Death Rattle" {vorpal, rElec
                  | Str+4}
  2482 | D:2      | Reached XP level 4. HP: 25/25 MP: 8/8
  2493 | D:2      | Identified the +2 ring mail "Iruirhun" {Harm +Blink rC+}
  2644 | D:3      | Found Ehicsusk's Armour Boutique.
  2644 | D:3      | Identified the +7 sling "Hauram" {vorpal, rPois rF++}
  2734 | D:3      | Noticed Sigmund
  3277 | D:3      | Slain by Sigmund

Illustrated notes

Levels and vault maps discovered:
D:1:      dpeg_arrival_boxorama, layout_basic,
          dreamdust_ecumenical_altar_statues
D:2:      layout_loops_ring, serial_shops, shop_statue
D:3:      layout_basic, zin_scriptorium, serial_shops, shop, uniq_sigmund

Skill      XL: |  1  2  3 |
---------------+----------+-----
Dodging        | 3 |  3.1
Ranged Weapons | 3 4 |  4.6
Fighting       | 1 |  1.0
Stealth        | |  0.2
Spellcasting   | |  1.7
Hexes          | |  4.6

Action                   |  1- 3 |  4- 6 || total
-------------------------+-------+-------++-------
Melee: Dagger            |       |     9 ||     9
 Fire: Sling             |   128 |    29 ||   157
 Cast: Slow              |     9 |     4 ||    13
  Use: Scroll            |     2 |       ||     2
       Potion            |     2 |       ||     2
Armor: Robe              |    10 |       ||    10
Dodge: Dodged            |    39 |     3 ||    42

Table legend: (Time is in decaauts)
 A = Elapsed time spent in this place.
 B = Non-inter-level travel time spent in this place.
 C = Inter-level travel time spent in this place.
 D = Time resting spent in this place.
 E = Time spent auto-exploring this place.
 F = Levels seen in this place.
 G = Mean time per level.
                   A        B        C        D        E       F      G
               +--------+--------+--------+--------+--------+-----+--------+
         Total |   3312 |   3239 |     73 |    462 |   2374 |   3 | 1104.0 |
       Dungeon |   3312 |   3239 |     73 |    462 |   2374 |   3 | 1104.0 |
               +--------+--------+--------+--------+--------+-----+--------+

Top non-repeatable levels by time:
     D:2: 1625 daAuts
     D:1: 1505 daAuts
     D:3: 181 daAuts
